 Dungeon Crawl Stone Soup version 0.32-a0-391-gce5c0aab1b (webtiles) character file.

Game seed: 13180265081575579247

3 Bravepunisher the Ducker (level 1, -5/11 HPs)
             Began as a Spriggan Monk on Feb 19, 2024.
             Killed from afar by a white imp (12 damage)
             ... with a puff of frost
             ... on level 5 of the Dungeon.
             The game lasted 00:01:11 (305 turns).

Bravepunisher the Ducker (Spriggan Monk)             Turns: 305, Time: 00:01:11

Health: -5/11      AC:  2    Str:  7    XL:     1   Next: 41%
Magic:  2/2        EV: 19    Int: 11    God:
Gold:   0          SH:  0    Dex: 17    Spells: 0/0 levels left

rFire   . . .        a - +0 short sword
rCold   . . .        (no shield)
rNeg    . . .        b - +0 robe
rPois   .            (helmet restricted)
rElec   .            (no cloak)
rCorr   .            (gloves unavailable)
SInv    +            (boots unavailable)
Will    .....        (no amulet)
Stlth   ++           (no ring)
HPRegen 0.21/turn    (no ring)
MPRegen 0.08/turn

%: no passive effects
@: very quick
A: very small, no large weapons, unfitting armour, see invisible, speed 3
a: no special abilities


You were on level 5 of the Dungeon.
You visited 1 branch of the dungeon, and saw 5 of its levels.

Inventory:

Hand Weapons
 a - a +0 short sword (weapon)
Armour
 b - a +0 robe (worn)
Wands
 g - a wand of polymorph (13)
Scrolls
 d - 2 scrolls of blinking {unknown}
 f - a scroll of teleportation {unknown}
Potions
 c - a potion of ambrosia
 e - a potion of berserk rage {unknown}


   Skills:
 + Level 2.4 Fighting
 - Level 3.2 Short Blades
 * Level 4.2 Dodging


You couldn't memorise any spells.
You didn't know any spells.
Your spell library contained the following spells:

 Spells                   Type           Power      Damage    Failure   Level
 Scorch                   Fire           0%         2d5       47%         2
 Flame Wave               Conj/Fire      0%         2d4       98%         4
 Summon Cactus Giant      Summ           0%         N/A       100%        6


Dungeon Overview and Level Annotations

Branches:
Dungeon (5/15)
 Temple: D:4-7

Altars:

Shops:
D:5 ((

Annotations:
D:4 Ijyb


Innate Abilities, Weirdness & Mutations

You are very small and have problems with some larger weapons.
You are too small for most types of armour.
You have supernaturally acute eyesight. (SInv)
You cover ground extremely quickly. (Speed+++)


Message History

Found a falchion.
Found a falchion.
You see here a -3 falchion.
There is an entrance to Oxytong's Weapon Shoppe here.
e - a fuming ruby potion
f - a scroll labelled APATIH SYXA
g - a wand of polymorph (13)
An adder comes into view.
The adder hisses angrily.
Found 11 gold pieces.
Found 16 gold pieces.
Found Jeta's Weapon Boutique.
Found a stone staircase leading down.
Found a scroll labelled XAYRHI ZOTU and a robe.
d - 2 scrolls labelled XAYRHI ZOTU (gained 1)
You see here a +0 robe.
A sleepcap comes into view.
You see here a +0 robe.
The adder attacks as it pursues you! The adder misses you.
You open the door.
Found 5 stones.
There is an open door here.
You close the door.
You open the door.
There is an open door here.
You close the door.
You open the door.
An adder comes into view.
The adder hisses angrily.
Found a stone staircase leading down.
There is an open door here.
The adder attacks as it pursues you! The adder barely misses you.
You open the door.
A white imp comes into view.
The white imp shouts, "Disclaim thyself, thou grime-gilt guts-griping quarter-pint!"
The adder bites you. The white imp gestures at you. The puff of frost hits you!
Ouch! That really hurt!
You die...

...########...+......+.S
........##..###......###
........'..## #......#
........#### #......###
..>.....# ..(........
.....##.# #.##########
.... #.# #. ... #S# # ..
#@# . #'# ... .....
....5.. #........
#.$....... #..........


You could see an adder and a white imp.

Vanquished Creatures
  A hobgoblin (D:1)
  A frilled lizard (D:3)
2 creatures vanquished.

Notes
Turn   | Place    | Note
-------+----------+-------------------------------------------
     0 | D:1      | Bravepunisher the Spriggan Monk began the quest for the
                  | Orb.
     0 | D:1      | Reached XP level 1. HP: 11/11 MP: 2/2
    57 | D:2      | Noticed a jelly
   112 | D:4      | Noticed Ijyb
   119 | D:4      | Noticed an orc wizard
   120 | D:4      | Noticed an orc wizard
   130 | D:5      | Entered Level 5 of the Dungeon
   185 | D:5      | Found Oxytong's Weapon Shoppe.
   245 | D:5      | Found Jeta's Weapon Boutique.
   258 | D:5      | Noticed a sleepcap
   305 | D:5      | Killed from afar by a white imp

Illustrated notes

Levels and vault maps discovered:
D:1:      minmay_arrival_four_houses, layout_rooms
D:2:      layout_basic, uniq_sigmund
D:3:      layout_rooms, nicolae_overflow_ecumenical_swirl, serial_bayou_lake_a
D:4:      layout_gridville, grunt_qazlal_clouds, serial_shops, shop, uniq_ijyb
D:5:      layout_basic, serial_shops, shop, nicolae_shop_pleasant_corner_grove,
          nicolae_shop_scrapyard

Action                     || total
---------------------------++-------
  Melee: Short sword       ||     7
 Armour: Robe              ||     7
  Dodge: Dodged            ||    11

Table legend: (Time is in decaauts)
 A = Elapsed time spent in this place.
 B = Non-inter-level travel time spent in this place.
 C = Inter-level travel time spent in this place.
 D = Time resting spent in this place.
 E = Time spent auto-exploring this place.
 F = Levels seen in this place.
 G = Mean time per level.
                   A        B        C        D        E       F      G
               +--------+--------+--------+--------+--------+-----+--------+
         Total |    203 |    203 |      0 |      0 |     97 |   5 |   40.6 |
       Dungeon |    203 |    203 |      0 |      0 |     97 |   5 |   40.6 |
               +--------+--------+--------+--------+--------+-----+--------+

Top non-repeatable levels by time:
     D:5: 111 daAuts
     D:1: 40 daAuts
     D:3: 34 daAuts
     D:4: 11 daAuts
     D:2: 6 daAuts
